Map: [ESL] Inside and Out

Players

Bunny - Winner!

  • Race: Terran Terran
  • Spawn Location: 7:00

ByuN

  • Race: Terran Terran
  • Spawn Location: 1:00

Event: DreamHack SC2 Masters 2022 Valencia

VOD

Have the link to the VOD?

Description

Time

  • Played on: July 2, 2022, 6:47 a.m.
  • Length: 6:58

All games in this series

Show
View Real Time Build Order
Export as new Build Order

Bunny Terran - Winner!

Build Orders:  

Get SALT Encoding   

  12  0:00  SCV  
  13  0:12  SCV  
  14  0:17  Supply Depot  
  14  0:24  SCV  
  15  0:38  SCV  
  15  0:39  Barracks  
  15  0:42  Refinery  
  16  0:51  SCV  
  16  0:52  Refinery  
  17  1:03  SCV  
  18  1:15  SCV  
  19  1:27  Orbital Command, Reaper  
  19  1:29  Supply Depot  
  20  1:41  Factory  
  20  1:52  SCV  
  21  1:59  Reaper  
  22  2:05  SCV  
  23  2:17  SCV  
  23  2:21  Command Center  
  24  2:25  Hellion  
  24  2:29  SCV  
  27  2:33  Reaper  
  27  2:36  Supply Depot  
  28  2:41  SCV  
  29  2:47  Widow Mine  
  31  2:52  Starport  
  31  2:58  SCV  
  32  3:07  Barracks Reactor  
  32  3:08  Factory Tech Lab  
  32  3:10  SCV  
  33  3:18  Refinery  
  33  3:22  SCV  
  34  3:27  Siege Tank  
  37  3:34  SCV  
  37  3:36  Medivac  
  39  3:44  Orbital Command  
  39  3:45  Marine x2  
  39  3:46  SCV  
  42  3:50  Supply Depot  
  42  4:02  Siege Tank  
  43  4:03  Marine x2  
  43  4:05  SCV  
  43  4:07  Starport Tech Lab  
  46  4:11  SCV  
  47  4:17  SCV  
  47  4:18  Supply Depot  
  47  4:21  Marine x2  
  47  4:23  SCV  
  51  4:26  Raven  
  51  4:29  SCV  
  54  4:38  Marine  
  54  4:39  Marine  
  56  4:48  Siege Tank  
  56  4:49  SCV x2  
  61  4:53  Supply Depot x2  
  61  4:56  Marine x2  
  63  5:01  SCV x2  
  59  5:14  Raven  
  59  5:15  SCV x2  
  59  5:16  Marine x2  
  59  5:18  Command Center  
  65  5:22  Refinery  
  65  5:24  Supply Depot  
  65  5:33  SCV x2  
  65  5:34  Marine x2  
  69  5:38  Siege Tank  
  72  5:49  SCV x2  
  71  5:51  Marine x2  
  73  5:57  Barracks  
  73  5:58  Barracks  
  73  6:01  SCV x2  
  75  6:05  Supply Depot  
  75  6:11  Siege Tank  
  73  6:19  SCV x2  
  73  6:21  Viking x2  
  79  6:27  Marine  
  79  6:30  Orbital Command  
Show
View Real Time Build Order
Export as new Build Order

ByuN Terran 

Build Orders: Cyclone Opening 

Get SALT Encoding   

  12  0:00  SCV  
  13  0:12  SCV  
  14  0:17  Supply Depot  
  14  0:24  SCV  
  15  0:38  SCV  
  15  0:40  Barracks  
  15  0:42  Refinery  
  16  0:50  SCV  
  16  0:52  Refinery  
  17  1:02  SCV  
  18  1:14  SCV  
  19  1:27  Orbital Command, Reaper  
  20  1:32  Supply Depot  
  20  1:40  Factory  
  20  1:53  SCV  
  21  1:59  Reaper  
  22  2:05  SCV  
  23  2:17  SCV  
  23  2:22  Command Center  
  24  2:24  Factory Tech Lab  
  24  2:29  SCV  
  25  2:31  Barracks Reactor  
  25  2:39  Supply Depot  
  25  2:42  Cyclone  
  28  2:45  SCV  
  29  2:54  Starport  
  29  2:58  SCV  
  29  3:08  Marine x2  
  29  3:11  SCV  
  31  3:15  Cyclone  
  34  3:23  SCV  
  34  3:26  Marine x2  
  37  3:32  Medivac  
  39  3:35  Orbital Command  
  39  3:40  SCV  
  39  3:43  Marine x2  
  41  3:48  Refinery  
  41  3:52  SCV  
  41  3:55  Factory Tech Lab  
  42  4:01  Marine x2  
  41  4:03  SCV  
  41  4:05  SCV  
  43  4:15  SCV  
  45  4:17  SCV  
  45  4:18  Raven  
  45  4:19  Marine x2  
  49  4:27  SCV  
  49  4:29  SCV  
  50  4:31  Siege Tank  
  50  4:37  Marine x2  
  52  4:39  SCV  
  52  4:41  SCV  
  54  4:58  Supply Depot  
  54  5:05  SCV  
  54  5:06  Marine  
  54  5:07  Marine  
  54  5:08  SCV  
  47  5:17  SCV, Siege Tank  
  47  5:20  SCV  
  52  5:29  SCV  
  52  5:30  Medivac x2  
  52  5:32  SCV  
  58  5:37  Marine  
  56  5:50  Supply Depot  
  56  5:51  Supply Depot  
  56  6:08  Marine  
  56  6:09  SCV  
  54  6:11  SCV  
  54  6:12  Viking x2, Siege Tank  
  60  6:21  SCV  
  60  6:23  SCV  
  61  6:26  Marine  
  62  6:33  SCV  
  62  6:35  SCV  
  61  6:46  SCV  
  63  6:52  Refinery  

Tags
 
Add a new tag
Caveats
  • Supply blocks, unpowered buildings, or Contaminate may cause inaccurate times.
  • Supply counts are checked every 10 seconds.